 Dungeon Crawl Stone Soup version 0.32-a0-868-g153ae1a8d6 (webtiles) character file.

Game seed: 6258348783685099972

202 Fodor the Covered (level 5, -3/47 HPs)
             Began as a Minotaur Fighter on Mar 28, 2024.
             Slain by Grinder (6 damage)
             ... on level 4 of the Dungeon.
             The game lasted 00:08:51 (2603 turns).

Fodor the Covered (Minotaur Fighter)                Turns: 2603, Time: 00:08:54

Health: -3/47      AC: 10    Str: 23    XL:     5   Next: 50%
Magic:  4/4        EV:  8    Int:  5    God:
Gold:   125        SH:  4    Dex:  9    Spells: 4/4 levels left

rFire   . . .        a - +0 war axe
rCold   . . .        c - +0 buckler
rNeg    . . .        b - +0 scale mail
rPois   .            (helmet restricted)
rElec   .            (no cloak)
rCorr   .            (no gloves)
SInv    .            e - +2 pair of boots
Will    .....        (no amulet) Stlth
                     (no ring)
HPRegen 0.27/turn    (no ring)
MPRegen 0.09/turn

%: no passive effects
@: no status effects
A: horns 2, retaliatory headbutt
a: no special abilities


You were on level 4 of the Dungeon.
You visited 1 branch of the dungeon, and saw 4 of its levels.

You collected 151 gold pieces.
You spent 26 gold pieces at shops.

Inventory:

Hand Weapons
 a - a +0 war axe (weapon)
Missiles
 w - 4 boomerangs (quivered)
Armour
 b - a +0 scale mail (worn)
 c - a +0 buckler (worn)
 e - a +2 pair of boots (worn)
Jewellery
 i - a +6 ring of dexterity
 j - a +4 ring of protection
 s - a ring of poison resistance
Talismans
 x - a talisman of death
Wands
 t - a wand of polymorph (5)
 y - a wand of mindburst (14)
Scrolls
 f - 2 scrolls of teleportation {unknown}
 k - a scroll of vulnerability {unknown}
 m - 2 scrolls of identify
 o - 2 scrolls of enchant armour {unknown}
 p - a scroll of acquirement {unknown}
 v - a scroll of noise {unknown}
Potions
 d - a potion of might
 g - 4 potions of haste {unknown}
 h - a potion of degeneration {unknown}
 l - a potion of berserk rage {unknown}
 n - a potion of brilliance {unknown}
 q - a potion of curing {unknown}
 r - a potion of resistance {unknown}
 u - a potion of ambrosia {unknown}


   Skills:
 + Level 4.6 Fighting
 + Level 4.5 Axes
 + Level 0.1 Throwing
 + Level 5.1 Armour
 + Level 1.0 Dodging
 + Level 0.1 Stealth
 + Level 4.1 Shields


You had 4 spell levels left.
You didn't know any spells.
Your spell library contained the following spells:

 Spells                   Type           Power      Damage    Failure   Level
 Foxfire                  Conj/Fire      0%         2x1d4     83%         1
 Summon Small Mammal      Summ           0%         N/A       83%         1
 Call Canine Familiar     Summ           0%         N/A       99%         3
 Summon Blazeheart Golem  Fire/Summ      0%         N/A       100%        4
 Plasma Beam              Fire/Air       0%         2x1d10    100%        6
 Starburst                Conj/Fire      0%         6d3       100%        6


Dungeon Overview and Level Annotations

Branches:
Dungeon (4/15)
 Temple: D:4-7

Altars:

Shops:
D:1 (   D:2 (   D:3 ?

Annotations:
D:4 Grinder


Innate Abilities, Weirdness & Mutations

You have a pair of horns on your head.
You reflexively headbutt those who attack you in melee.


Message History

You hit Grinder but do no damage. Your headbutt misses Grinder.
Grinder is heavily wounded.
Grinder blinks!
Grinder gestures at you.
You suddenly lose the ability to move!
You can move again.
You throw a boomerang. The boomerang barely misses Grinder.
You throw a boomerang. The boomerang barely misses Grinder.
You throw a boomerang. The boomerang closely misses Grinder.
Grinder blinks!
Grinder gestures at you. Pain shoots through your body!
You throw a boomerang. The boomerang barely misses Grinder.
Grinder hits you but does no damage.
You throw a boomerang. The boomerang hits Grinder.
Grinder is heavily wounded.
Grinder gestures at you. Pain shoots through your body!
You barely miss Grinder. You headbutt Grinder.
Grinder is severely wounded.
Grinder hits you!
You writhe in agony.
* * * LOW HITPOINT WARNING * * *
Grinder hits you but does no damage.
You hit Grinder. Your headbutt misses Grinder.
Grinder is almost dead.
Grinder hits you but does no damage.
You closely miss Grinder.
Grinder is almost dead.
Grinder hits you.
* * * LOW HITPOINT WARNING * * *
You hit Grinder but do no damage. Your headbutt misses Grinder.
Grinder is almost dead.
Grinder hits you but does no damage.
You closely miss Grinder.
Grinder is almost dead.
Grinder gestures at you. Pain shoots through your body!
* * * LOW HITPOINT WARNING * * *
Grinder hits you.
You die...
Grinder says, "Hey, I wasn't done torturing you yet!"

#.#.............. ..
######.##.####### .# #
#.##.# .# #.##.#### ###
.# # ###.##..... ..# .#
.# ##......######.#
.#.###.
#...........##.##.......
#..)..#####.##.#..#
#.....# #.##@..## .
#.....# ##.#5.###
.##.....# #.....#
........# #..##.#
##.)....####..##.#
##......##....##.#
...........##.##.#
......#.##.##.##.##..
.##...#.............#


You could see Grinder.

Vanquished Creatures
  A scorpion (D:4)
  An orc priest (D:3)
  2 adders (D:2)
  2 dart slugs (D:2)
  A ribbon worm (D:3)
  13 orcs
  3 bats
  7 endoplasms
  4 giant cockroaches
  6 goblins
  6 hobgoblins
  4 jackals (D:2)
  3 kobolds
  3 quokkas
  5 ball pythons
  3 frilled lizards
  4 rats
68 creatures vanquished.

Notes
Turn   | Place    | Note
-------+----------+-------------------------------------------
     0 | D:1      | Fodor the Minotaur Fighter began the quest for the Orb.
     0 | D:1      | Reached XP level 1. HP: 19/19 MP: 0/0
   114 | D:1      | Found Qenireax's Weapon Boutique.
   221 | D:1      | Reached XP level 2. HP: 14/27 MP: 1/1
   457 | D:1      | Reached skill level 4 in Armour
   894 | D:2      | Reached XP level 3. HP: 33/33 MP: 2/2
  1207 | D:2      | Found Igafur Miham's Antique Weapon Shop.
  1489 | D:3      | Reached XP level 4. HP: 17/41 MP: 3/3
  1595 | D:3      | Found Iduocytz's Magic Scroll Shoppe.
  1603 | D:3      | Bought a scroll of identify for 26 gold pieces
  2371 | D:4      | Noticed a scorpion
  2376 | D:4      | Reached XP level 5. HP: 47/47 MP: 4/4
  2385 | D:4      | Reached skill level 5 in Armour
  2385 | D:4      | Reached skill level 1 in Dodging
  2584 | D:4      | Noticed Grinder
  2591 | D:4      | Paralysed by Grinder for 2 turns
  2603 | D:4      | Slain by Grinder

Illustrated notes

Levels and vault maps discovered:
D:1:      spicycebolla_arrival_transporter_tutorial, layout_loops_ring,
          serial_shops, nicolae_shop_back_alley_shop
D:2:      layout_basic, serial_shops, nicolae_shop_behind_doors, minmay_unequal
D:3:      layout_basic, serial_shops, shop, dk_noncrumbling_3
D:4:      layout_basic, hangedman_decor_lopped, minmay_ruptured, uniq_grinder

Skill      XL: |  1  2  3  4  5 |
---------------+----------------+-----
Fighting       | 4 |  4.6
Armour         | 4 5 |  5.1
Axes           | 3 4 |  4.5
Shields        | 4 |  4.1
Dodging        | 1 |  1.0
Throwing       | |  0.1
Stealth        | |  0.1

Action                     |  1- 3 |  4- 6 || total
---------------------------+-------+-------++-------
  Melee: War axe           |    73 |    61 ||   134
         Headbutt          |     9 |    10 ||    19
  Throw: Boomerang         |       |    21 ||    21
 Armour: Scale mail        |    70 |    46 ||   116
  Dodge: Dodged            |    37 |    29 ||    66
  Block: Buckler           |    14 |    16 ||    30

Table legend: (Time is in decaauts)
 A = Elapsed time spent in this place.
 B = Non-inter-level travel time spent in this place.
 C = Inter-level travel time spent in this place.
 D = Time resting spent in this place.
 E = Time spent auto-exploring this place.
 F = Levels seen in this place.
 G = Mean time per level.
                   A        B        C        D        E       F      G
               +--------+--------+--------+--------+--------+-----+--------+
         Total |   2657 |   2608 |     49 |     83 |   1823 |   4 |  664.2 |
       Dungeon |   2657 |   2608 |     49 |     83 |   1823 |   4 |  664.2 |
               +--------+--------+--------+--------+--------+-----+--------+

Top non-repeatable levels by time:
     D:3: 838 daAuts
     D:1: 811 daAuts
     D:2: 694 daAuts
     D:4: 313 daAuts
